 Dungeon Crawl Stone Soup version 0.31.0-12-g77e489cdc1 (webtiles) character file.

Game seed: 13687593895378474595

49 DildoBatman the Conjurer (level 4, 0/32 HPs)
             Began as a Formicid Conjurer on Feb 28, 2024.
             Constricted to death by a ball python (1 damage)
             ... on level 2 of the Dungeon.
             The game lasted 00:03:39 (1264 turns).

DildoBatman the Conjurer (Formicid Conjurer)        Turns: 1264, Time: 00:03:39

Health: 0/32       AC:  2    Str: 12    XL:     4   Next: 1%
Magic:  5/7        EV:  9    Int: 19    God:
Gold:   21         SH:  0    Dex: 12    Spells: 5/8 levels left

rFire   . . .        m - +1 dagger (venom)
rCold   . . .        (no shield)
rNeg    . . .        a - +0 robe
rPois   .            (helmet unavailable)
rElec   .            (no cloak)
rCorr   .            (no gloves)
SInv    +            (no boots)
Will    .....        (no amulet)
Stlth   ++           (no ring)
HPRegen 0.25/turn    (no ring)
MPRegen 0.10/turn

%: no passive effects
@: constricted
A: permanent stasis, dig shafts and tunnels, antennae 3, four strong arms
a: Dig, Shaft Self


You were on level 2 of the Dungeon.
You visited 1 branch of the dungeon, and saw 2 of its levels.

You collected 21 gold pieces.

Inventory:

Hand Weapons
 m - a +1 dagger of venom (weapon)
Missiles
 c - 19 stones
 k - 4 javelins
Armour
 a - a +0 robe (worn)
Scrolls
 d - 2 scrolls of fear {unknown}
 e - a scroll of identify {unknown}
 g - a scroll of immolation {unknown}
 h - 4 scrolls of vulnerability {unknown}
Potions
 b - a potion of magic
 f - a potion of lignification {unknown}
 i - a potion of heal wounds {unknown}
 j - a potion of cancellation {unknown}
 l - 2 potions of attraction {unknown}
 n - 2 potions of might {unknown}


   Skills:
 + Level 1.1 Fighting
 + Level 1.1 Armour
 + Level 2.2 Dodging
 + Level 3.1 Stealth
 + Level 2.5 Spellcasting
 + Level 3.8 Conjurations


You had 5 spell levels left.
You knew the following spells:

 Your Spells              Type           Power      Damage    Failure   Level
a - Searing Ray           Conj           34%        2d5       4%          2
c - Magic Dart            Conj           68%        1d6       3%          1

Your spell library contained the following spells:

 Spells                   Type           Power      Damage    Failure   Level
 Sting                    Conj/Alch      36%        1d5       8%          1
 Mercury Vapours          Alch/Air       4%         N/A       24%         2
 Fulminant Prism          Conj/Alch      4%         3d5       58%         4
 Iskenderun's Mystic Bla  Conj/Tloc      9%         2d4       58%         4
 Olgreb's Toxic Radiance  Alch           2%         N/A       85%         4


Dungeon Overview and Level Annotations

Branches:
Dungeon (2/15)

Altars:
Sif Muna

Annotations:
D:2 Terence


Innate Abilities, Weirdness & Mutations

You cannot be hasted, slowed, berserked, paralysed or teleported.
You can dig through walls and to a lower floor.
You have a pair of large antennae on your head. (SInv)
Your four strong arms can wield two-handed weapons with a shield.


Message History

The ball python bites you. The ball python constricts you.
The adder closely misses you. The goblin hits you with a +0 dagger.
The ball python bites you. The ball python constricts you.
What are your orders? t - Shout!
Orders for allies: a - Attack new target. r - Retreat! s - Stop attacking. g - Guard the area. f - Follow me.
Anything else - Cancel.
You shout for attention!
The adder bites you. The ball python barely misses you.
The ball python constricts you. The goblin hits you with a +0 dagger.
The adder barely misses you. What are your orders? t - Shout!
Orders for allies: a - Attack new target. r - Retreat! s - Stop attacking. g - Guard the area. f - Follow me.
Anything else - Cancel.
You shout for attention!
The ball python completely misses you. The ball python constricts you.
The adder barely misses you. The goblin hits you with a +0 dagger.
What are your orders? t - Shout!
Orders for allies: a - Attack new target. r - Retreat! s - Stop attacking. g - Guard the area. f - Follow me.
Anything else - Cancel.
You shout for attention!
The adder bites you. The ball python barely misses you.
The ball python constricts you.
You die...

#...#####.#.#####.)........
#...# #...# #.#..#..#.#
#...# ##..# #.#.##.##.#
#...# #..# #.#.# .# #####
#..# #...# #..# ....##
##.#,.##.# #.#.# #@S.#
#gS...... .g.......
.#...###.. ....... . ..
#..... .## ......# ..
..#...#


You could see an adder, 2 goblins and a ball python.

Vanquished Creatures
  A dart slug (D:1)
  3 endoplasms
  3 giant cockroaches
  2 goblins (D:1)
  7 hobgoblins (D:1)
  2 jackals (D:1)
  5 kobolds (D:1)
  2 quokkas (D:2)
  6 ball pythons
  4 bats
  3 frilled lizards
  5 rats (D:1)
43 creatures vanquished.

Notes
Turn   | Place    | Note
-------+----------+-------------------------------------------
     0 | D:1      | DildoBatman the Formicid Conjurer began the quest for the
                  | Orb.
     0 | D:1      | Reached XP level 1. HP: 13/13 MP: 3/3
   197 | D:1      | Reached XP level 2. HP: 6/20 MP: 1/5
   200 | D:1      | Learned a level 2 spell: Searing Ray
   545 | D:1      | Reached XP level 3. HP: 22/25 MP: 1/6
   694 | D:1      | Reached skill level 1 in Fighting
   694 | D:1      | Reached skill level 1 in Armour
   935 | D:1      | Found a faded altar of an unknown god.
  1021 | D:2      | Found a shimmering blue altar of Sif Muna.
  1114 | D:2      | Noticed Terence
  1248 | D:2      | Reached XP level 4. HP: 32/32 MP: 3/7
  1264 | D:2      | HP: 1/32 [adder (3)]
  1264 | D:2      | Constricted to death by a ball python

Illustrated notes

Levels and vault maps discovered:
D:1:      nicolae_arrival_memento_mori, layout_loops_corners,
          shapermc_ecumenical_altar_petra, minmay_tetromino_l4
D:2:      layout_rooms, basic_altar, uniq_crazy_yiuf_cottage, uniq_jessica,
          uniq_terence

Skill      XL: |  1  2  3 |
---------------+----------+-----
Dodging        | 2 |  2.2
Stealth        | 3 |  3.1
Fighting       | 1 |  1.1
Armour         | 1 |  1.1
Spellcasting   | |  2.5
Conjurations   | |  3.8

Action                     |  1- 3 |  4- 6 || total
---------------------------+-------+-------++-------
  Melee: Mace              |    27 |       ||    27
         Dagger            |     4 |       ||     4
   Cast: Magic Dart        |    55 |       ||    55
         Searing Ray       |     4 |       ||     4
   Stab: Sleeping          |     1 |       ||     1
 Armour: Robe              |    34 |    15 ||    49
  Dodge: Dodged            |    40 |     9 ||    49
